 Dungeon Crawl Stone Soup version 0.30-a0-777-ga9a30cbeda (webtiles) character file.

Game seed: 12221262895673092712

41 PLAYERX the Prestidigitator (level 3, -4/25 HPs)
             Began as a Gnoll Wanderer on Feb 12, 2023.
             Killed from afar by an orc wizard (6 damage)
             ... with a magic dart
             ... on level 2 of the Dungeon on Feb 13, 2023.
             The game lasted 00:06:13 (459 turns).

PLAYERX the Prestidigitator (Gnoll Wanderer)         Turns: 459, Time: 00:06:14

Health: -4/25      AC:  5    Str: 11    XL:     3   Next: 52%
Magic:  0/5        EV: 10    Int:  9    God:
Gold:   46         SH:  0    Dex: 15    Spells: 3/3 levels left

rFire   x . .      SeeInvis .    a - +2 dagger
rCold   + . .      Faith    .    (no shield)
rNeg    . . .      Spirit   +    b - +0 ring mail
rPois   .          Reflect  .    (no helmet)
rElec   .          Harm     .    f - scarf {+Inv}
rCorr   .          Rampage  .    (no gloves)
Will    .....                    (no boots)
Stlth   +++                      l - amulet of guardian spirit
HPRegen 0.24/turn                h - ring of ice
MPRegen 0.09/turn                (no ring)

@: no status effects
A: fangs 1, strong nose, distributed training
a: Evoke Invisibility


You were on level 2 of the Dungeon.
You visited 1 branch of the dungeon, and saw 2 of its levels.

You collected 46 gold pieces.

Inventory:

Hand Weapons
 a - a +2 dagger (weapon)
Armour
 b - a +0 ring mail (worn)
 f - a scarf of invisibility (worn)
Jewellery
 h - a ring of ice (left hand)
 l - an amulet of guardian spirit (around neck)
Wands
 d - a wand of flame (6) (quivered)
Scrolls
 e - a scroll of fog
 g - a scroll of identify {unknown}
 j - a scroll of silence {unknown}
 m - a scroll of noise {unknown}
Potions
 c - 2 potions of resistance {unknown}
 k - a potion of attraction {unknown}


   Skills:
 + Level 0.9 Fighting
 + Level 0.9 Short Blades
 + Level 0.9 Long Blades
 + Level 0.9 Axes
 + Level 2.6 Maces & Flails
 + Level 0.9 Polearms
 + Level 0.9 Staves
 + Level 0.9 Ranged Weapons
 + Level 0.9 Throwing
 + Level 0.9 Armour
 + Level 0.9 Dodging
 + Level 7.8 Stealth
 + Level 0.9 Shields
 + Level 0.9 Unarmed Combat
 + Level 0.9 Spellcasting
 + Level 0.6 Conjurations
 + Level 0.6 Hexes
 + Level 0.6 Summonings
 + Level 0.6 Necromancy
 + Level 0.6 Translocations
 + Level 0.6 Transmutations
 + Level 0.6 Fire Magic
 + Level 0.6 Ice Magic
 + Level 0.6 Air Magic
 + Level 0.6 Earth Magic
 + Level 0.6 Poison Magic
 + Level 2.7 Invocations
 + Level 8.5 Evocations


You had 3 spell levels left.
You didn't know any spells.
Your spell library was empty.

Dungeon Overview and Level Annotations

Branches:
Dungeon (1/15)

Altars:

Shops:
D:2 (


Innate Abilities, Weirdness & Mutations

You have very sharp teeth.
Your uncanny sense of smell can sniff out nearby items.
Your experience applies equally to all skills.


Message History

The orc hits you with a +1 flail of holy wrath.
You see here a +0 falchion.
You are too confused!
You bump into the rock wall.
The orc barely misses you. Something hits you.
The orc hits you with a +1 flail of holy wrath.
Something hits you.
* * * LOW HITPOINT WARNING * * *
You hit the orc. Your bite misses the orc.
The orc is heavily wounded.
You feel less confused. Something hits you but does no damage.
The orc hits you but does no damage.
Blink to where?
Press: ? - help, Dir - move target A rat comes into view.
Found 4 gold pieces.
As you read the scroll of blinking, it crumbles to dust.
Found a knobbly gilded ring.
A ball python comes into view.
You see here a ring of see invisible.
You are too injured to fight recklessly!
The rat bites you but does no damage.
You hit the rat.
You kill the rat!
A magic dart appears from out of thin air!
The magic dart hits you.
* * * LOW HITPOINT WARNING * * *
You hit something. Your bite misses something.
The ball python bites you but does no damage.
The ball python completely misses you. Something hits you.
* * * LOW HITPOINT WARNING * * *
You closely miss the ball python.
The ball python bites you but does no damage.
The ball python misses you.
You hit the ball python.
You kill the ball python!
The orc barely misses you.
You hear some strange, mumbled words.
A magic dart appears from out of thin air!
The magic dart hits you.
You die...

### #.. #.#######
#.#.....### #.#.......
#.#..##.#####.#
###.#o..........#
#....{@†.=.#
#....#.#......#
...########..#.#.#...#.....
...........#.#.#...........
...........#.#.............
...........#...............
...........###.##..........
...........# #.##.....####
...........# #


You could see an orc.

Vanquished Creatures
  A dart slug (D:1)
  An orc (D:2)
  4 ball pythons
  A bat (D:1)
  4 endoplasms
  3 giant cockroaches (D:1)
  3 goblins (D:1)
  2 hobgoblins (D:1)
  3 jackals (D:1)
  2 kobolds (D:1)
  4 quokkas
  4 rats
32 creatures vanquished.

Notes
Turn   | Place    | Note
-------+----------+-------------------------------------------
     0 | D:1      | PLAYERX the Gnoll Wanderer began the quest for the Orb.
     0 | D:1      | PLAYERX set off with the following items: a +2 dagger, a
                  | scroll of blinking, a +0 mace, a wand of flame (6), a
                  | scroll of fog, a +0 robe.
     0 | D:1      | Reached XP level 1. HP: 13/13 MP: 2/2
   104 | D:1      | Reached XP level 2. HP: 19/19 MP: 3/3
   224 | D:1      | Upgraded the game from 0.30-a0-772-g5528072125 to
                  | 0.30-a0-777-ga9a30cbeda
   243 | D:1      | Reached XP level 3. HP: 25/25 MP: 4/4
   387 | D:1      | You fall into a shaft and drop 1 floor!
   405 | D:2      | Found Saxzu's Weapon Emporium.
   459 | D:2      | Killed from afar by an orc wizard

Illustrated notes

Levels and vault maps discovered:
D:1:      dpeg_arrival_tiny_a, layout_rooms, serial_shops,
          nicolae_shop_waterfront
D:2:      layout_basic, serial_shops, shop, uniq_crazy_yiuf_cottage,
          uniq_sigmund

Action                     || total
---------------------------++-------
  Melee: Dagger            ||    73
         Punch             ||     1
         Bite              ||     3
    Use: Scroll            ||     1
   Stab: Sleeping          ||    13
 Armour: Robe              ||     3
         Ring mail         ||    20
  Dodge: Dodged            ||    32

Table legend: (Time is in decaauts)
 A = Elapsed time spent in this place.
 B = Non-inter-level travel time spent in this place.
 C = Inter-level travel time spent in this place.
 D = Time resting spent in this place.
 E = Time spent auto-exploring this place.
 F = Levels seen in this place.
 G = Mean time per level.
                   A        B        C        D        E       F      G
               +--------+--------+--------+--------+--------+-----+--------+
         Total |    455 |    455 |      0 |     29 |     66 |   2 |  227.5 |
       Dungeon |    455 |    455 |      0 |     29 |     66 |   2 |  227.5 |
               +--------+--------+--------+--------+--------+-----+--------+

Top non-repeatable levels by time:
     D:1: 385 daAuts
     D:2: 70 daAuts
